 Dungeon Crawl Stone Soup version 0.19.5 (webtiles) character file.

158 greprep the Cudgeler (level 5, -2/57 HPs)
             Began as an Ogre Berserker on Apr 30, 2017.
             Was a Believer of Trog.
             Slain by a worker ant (6 damage)
             ... on level 4 of the Dungeon.
             The game lasted 00:06:38 (3204 turns).

greprep the Cudgeler (Ogre Berserker)               Turns: 3204, Time: 00:06:38

Health: -2/57      AC:  3    Str: 23    XL:     5   Next: 40%
Magic:  5/5        EV: 11    Int:  6    God:    Trog [**....]
Gold:   177        SH:  0    Dex:  9    Spells: 0 memorised, 4 levels left

rFire  . . .     SeeInvis .     a - +0 mace
rCold  . . .     Gourm    .     b - +0 animal skin
rNeg   . . .     Faith    .     (no shield)
rPois  .         Spirit   .     (helmet restricted)
rElec  .         Reflect  .     (no cloak)
rCorr  .         Harm     .     (gloves unavailable)
MR     ++...                    (boots unavailable)
Stlth  +.........               (no amulet)
                                (no ring)
                                (no ring)

@: lethally poisoned (-2 -> -2), regenerating
A: unfitting armour, tough skin 1
a: Berserk, Trog's Hand, Burn Spellbooks, Renounce Religion


You were on level 4 of the Dungeon.
You worshipped Trog.
Trog was pleased with you.
You were not hungry.

You visited 1 branch of the dungeon, and saw 4 of its levels.

You collected 177 gold pieces.

Inventory:

Hand Weapons
 a - a +0 mace (weapon)
Armour
 b - a +0 animal skin (worn)
Magical Staves
 l - an uncursed staff of summoning {unknown}
Jewellery
 n - a cursed ring of loudness {unknown}
Scrolls
 e - a scroll of identify {unknown}
 f - a scroll of blinking {unknown}
 g - 4 scrolls of magic mapping {unknown}
 h - a scroll of fog {unknown}
 j - a scroll of fear {unknown}
 k - a scroll of immolation {unknown}
 p - 4 scrolls of remove curse {unknown}
 s - a scroll of enchant armour {unknown}
 t - a scroll of amnesia {unknown}
Potions
 i - a potion of heal wounds {unknown}
 m - a potion of ambrosia {unknown}
 o - a potion of haste {unknown}
 q - 2 potions of berserk rage {unknown}
 r - a potion of invisibility {unknown}
Comestibles
 c - 3 bread rations
 d - 2 beef jerkies
 u - 2 fruits
 v - a slice of pizza


   Skills:
 + Level 5.0 Fighting
 + Level 6.0 Maces & Flails
 + Level 3.7 Dodging
 + Level 0.2 Stealth


You had 4 spell levels left.
You didn't know any spells.

Dungeon Overview and Level Annotations

Branches:
Dungeon (4/15)
 Temple: D:4-7

Altars:
Dithmenos


Innate Abilities, Weirdness & Mutations

You are too large for most types of armour.
You have tough skin. (AC +1)


Message History

You feel sick. The worker ant bites you. x2
* * * LOW HITPOINT WARNING * * *
You barely miss the worker ant.
The worker ant is heavily wounded.
The worker ant bites you!
* * * LOW HITPOINT WARNING * * *
You are lethally poisoned!
The worker ant poisons you!
You barely miss the worker ant.
The worker ant is heavily wounded.
* * * LOW HITPOINT WARNING * * *
You feel sick.
The worker ant bites you but does no damage.
* * * LOW HITPOINT WARNING * * *
You feel sick.
Your skin crawls.
You feel resistant to hostile enchantments.
You feel somewhat more hungry.
You feel sick. The worker ant barely misses you. The worker ant bites you.
You die...

######.# #.............##......
#.# #######.................
#.#............###.###......
#.#.#######.#......###......
#.#.#......<#..#..##.#.#.###
#.#.#.#####.#..#..##.....###
#.#.#.#####.#..#..##........
######.#........a................
.......#.......#@#(.#..##..#.####
.......#>........................
.......#.#.###.#.#..#..###.#.####
..)....#.#.###.#.####..###<#.#
.......#.#.....#...........#.#
......##.########..........#.#
......##.....................#
......###########.############
......# #...........#


You could see a worker ant.

Vanquished Creatures
  A hound (D:4)
  A worker ant zombie (D:4)
  4 adders
  An adder skeleton (D:4)
  3 dart slugs
  4 leopard geckos
  A giant cockroach (D:3)
  7 goblins
  10 hobgoblins
  7 jackals (D:1)
  7 bats
  2 frilled lizards (D:2)
  9 kobolds
  12 rats
69 creatures vanquished.

Notes
Turn   | Place    | Note
-------+----------+-------------------------------------------
     0 | D:1      | greprep the Ogre Berserker began the quest for the Orb.
     0 | D:1      | Reached XP level 1. HP: 24/24 MP: 1/1
    89 | D:1      | Reached XP level 2. HP: 3/32 MP: 2/2
   683 | D:1      | Reached XP level 3. HP: 40/40 MP: 3/3
   717 | D:1      | Reached ** piety under Trog
  1234 | D:2      | Reached skill level 5 in Maces & Flails
  1281 | D:2      | Reached XP level 4. HP: 45/49 MP: 4/4
  2176 | D:3      | Found a shadowy altar of Dithmenos.
  2789 | D:4      | Reached skill level 5 in Fighting
  2789 | D:4      | Reached XP level 5. HP: 42/57 MP: 5/5
  3148 | D:4      | Reached skill level 6 in Maces & Flails
  3204 | D:4      | Slain by a worker ant

Skill      XL: |  1  2  3  4  5 |
---------------+----------------+-----
Dodging        | 3 |  3.7
Maces & Flails | 5 6 |  6.0
Fighting       | 5 |  5.0
Stealth        | |  0.2

Action                   |  1- 3 |  4- 6 || total
-------------------------+-------+-------++-------
Melee: Mace              |   104 |   123 ||   227
Invok: Berserk           |     2 |       ||     2
       Trog's Hand       |       |     1 ||     1
  Eat: Chunk             |     2 |       ||     2
       Bread ration      |     1 |     1 ||     2
Armor: Animal skin       |    47 |    37 ||    84
Dodge: Dodged            |    87 |    89 ||   176
